 Dungeon Crawl Stone Soup version 0.21-a0-348-ga060c75 (webtiles) character file.

64005 4thArraOfDagon the Brawler (level 14, -1/111 HPs)
             Began as a Demonspawn Hunter on Oct 6, 2017.
             Was a High Priest of Cheibriados.
             Slain by Amnesiac's ghost (2 damage)
             ... in the Desolation of Salt.
             The game lasted 00:56:22 (11691 turns).

4thArraOfDagon the Brawler (Demonspawn Hunter)     Turns: 11691, Time: 00:56:23

Health: -1/111     AC: 23    Str: 33    XL:     14   Next: 70%
Magic:  15/20      EV: 18    Int: 29    God:    Cheibriados [*****.]
Gold:   877        SH:  0    Dex: 24    Spells: 18/23 levels left

rFire    + + .     SeeInvis .     - Unarmed
rCold    . . .     Gourm    .   (no shield)
rNeg     . . .     Faith    +   Q - +9 plate armour "Isekalit" {rF+ Regen+ rCorr}
rPois    +         Spirit   .   d - +2 hat
rElec    .         Reflect  .   x - +2 cloak {rPois}
rCorr    +         Harm     .   I - +0 pair of gloves (curse)
MR       ++...     Rnd*Rage +   (boots unavailable)
Stlth    ..........             w - amulet of faith
HPRegen  0.68/turn              F - +4 ring of evasion
MPRegen  0.17/turn              N - +5 ring of strength

@: very slow
A: antennae 2, claws 1, talons 3, berserk 1, clumsy 1, deformed body, fire
resistance 1, low mp 1, magic resistance 1, nightstalker 2
a: Bend Time, Temporal Distortion, Slouch, Step From Time, Renounce Religion


You were in the Desolation of Salt.
You worshipped Cheibriados.
Cheibriados was extremely pleased with you.
You were not hungry.

You visited 6 branches of the dungeon, and saw 27 of its levels.
You also visited: Desolation.

You collected 1696 gold pieces.
You spent 819 gold pieces at shops.

Inventory:

Hand Weapons
 p - a +4 blowgun
Missiles
 e - 13 javelins
 R - a throwing net (quivered)
Armour
 d - a +2 hat (worn)
 x - a +2 cloak of poison resistance (worn)
 I - a cursed +0 pair of gloves (worn)
 Q - the +9 plate armour "Isekalit" (worn) {rF+ Regen+ rCorr}
   (You found it on level 13 of the Dungeon)

   It protects you from fire.
   It increases your rate of regeneration.
   It protects you from acid and corrosion.
 V - a +2 troll leather armour {Snorg}
Magical Staves
 q - an uncursed staff of earth {unknown}
 L - an uncursed staff of summoning {unknown}
Jewellery
 h - an uncursed amulet of magic regeneration {unknown}
 r - an uncursed ring of flight
 s - an uncursed ring of positive energy
 t - an uncursed ring of protection from fire
 w - an amulet of faith (around neck)
 F - a +4 ring of evasion (left hand)
 N - a +5 ring of strength (right hand)
 S - an uncursed amulet of guardian spirit {unknown}
 W - an uncursed ring of positive energy
Wands
 g - a wand of iceblast (4/15)
 i - a wand of disintegration (0/24)
 k - a wand of polymorph (0/24)
 y - a wand of paralysis (6/24)
 G - a wand of scattershot (1/9)
 H - a wand of acid (1/15)
 M - a wand of lightning (0/15)
 U - a wand of acid (10/15)
Scrolls
 j - 12 scrolls of remove curse
 l - 2 scrolls of enchant weapon
 m - 7 scrolls of teleportation
 o - 3 scrolls of amnesia
 u - 4 scrolls of blinking
 D - a scroll of immolation
 J - 2 scrolls of fog
 P - a scroll of fear
Potions
 a - a potion of ambrosia {unknown}
 b - a potion of agility
 n - 3 potions of brilliance
 v - 4 potions of mutation {unknown}
 z - 6 potions of curing
 A - 2 potions of cancellation
 C - 2 potions of heal wounds
 E - 2 potions of lignification {unknown}
 K - a potion of might
 O - 2 potions of flight {unknown}
 T - a potion of resistance {unknown}
 Y - 3 potions of berserk rage
 Z - a potion of invisibility
Miscellaneous
 c - a lamp of fire
Comestibles
 f - 9 bread rations
 B - 9 meat rations
 X - 2 fruits


   Skills:
 + Level 10.8 Fighting
 - Level 3.6 Throwing
 - Level 6.0 Armour
 + Level 8.0 Dodging
 - Level 0.8 Stealth
 * Level 15.2 Unarmed Combat
 + Level 5.3 Spellcasting
 * Level 7.6 Transmutations
 - Level 11.0 Invocations


You had 18 spell levels left.
You knew the following spells:

 Your Spells              Type           Power        Failure   Level  Hunger
a - Blade Hands           Tmut           ######....   47%         5    #####..


Dungeon Overview and Level Annotations

Branches:
Dungeon (13/15)            Temple (1/1) D:6            Lair (6/6) D:9
  Snake (4/4) Lair:4        Slime (0/5) Lair:5          Orc (2/2) D:11
    Elf (1/3) Orc:2        Vaults (0/5) D:13
  Swamp: Lair:2-4    Shoals: Lair:2-4

Altars:
Ashenzari
Cheibriados
Dithmenos
Elyvilon
Fedhas
Gozag
Hepliaklqana
Makhleb
Nemelex Xobeh
Okawaru
Qazlal
Ru
Uskayaw
Vehumet
Wu Jian
The Shining One

Shops:
D:5 [   D:7 *   D:12 *   Orc:1 :(   Orc:2 [*%(*[

Annotations:
D:5 Menkaure
D:11 vishdafish's ghost, journeyman DsBe Desolation Amnesiac's ghost, adept GnEE


Innate Abilities, Weirdness & Mutations

You have a pair of antennae on your head.
You have sharp fingernails.
You have claws for feet.
Your flesh is heat resistant. (rF+)
You are significantly more attuned to the shadows.
You tend to lose your temper in combat.
You are clumsy. (Dex -2)
Armour fits poorly on your strangely shaped body.
Your magical capacity is low. (-10% MP)
You are resistant to hostile enchantments. (MR+)


Message History

The ice beast closely misses you. The ice beast barely misses you.
You completely miss Amnesiac's ghost. Your kick misses Amnesiac's ghost.
Amnesiac's ghost is severely damaged.
Amnesiac's ghost hits you! Amnesiac's ghost burns you.
* * * LOW HITPOINT WARNING * * *
The ice beast closely misses you. The ice beast completely misses you.
You can feel time thicken for a moment.
You feel somewhat more hungry.
Cheibriados lowers the support of your attributes as your movement quickens.
Amnesiac's ghost hits you!
* * * LOW HITPOINT WARNING * * *
The ice beast completely misses you.
The ice beast hits you but does no damage. x2
Unknown command.
You miss Amnesiac's ghost. Your kick misses Amnesiac's ghost.
Your punch misses Amnesiac's ghost.
Amnesiac's ghost is almost destroyed.
Amnesiac's ghost hits you!
* * * LOW HITPOINT WARNING * * *
Amnesiac's ghost burns you.
You die...

...........
...........
.#.........
............
.............
.....@Y......
....YYW......
.....∩.......
..........##.
.............
.............
.............
.............
............


You could see 3 ice beasts and Amnesiac's ghost.

Vanquished Creatures
  Rupert (Orc:1)
  Kirke (Lair:6)
  A nagaraja (Snake:3)
  An ettin (Orc:2)
  Snorg (Orc:1)
  The ghost of Nattefrost the Cleaver, a journeyman NaFi of Okawaru (D:11)
  4 hydras
  Erolcha (Orc:2)
  2 naga warriors (Snake:1)
  A centaur warrior (D:12)
  A catoblepas (Lair:6)
  Erica (D:11)
  2 anacondas
  2 two-headed ogres
  2 orc high priests (Orc:2)
  The ghost of MirrMurr the Gouger, a novice FeBe of Trog (D:11)
  6 orc sorcerers
  A mana viper (Snake:1)
  2 ugly things (D:11)
  2 cyclopes (Orc:2)
  6 elephants (Lair:3)
  2 salamanders (Snake:3)
  Maurice (D:11)
  10 black mambas
  6 naga magi
  6 spiny frogs
  8 komodo dragons
  A rime drake (Lair:6)
  5 trolls
  8 polar bears
  5 hornets (Lair:6)
  Prince Ribbit (D:7)
  7 blink frogs
  3 hippogriffs
  A vampire (D:12)
  A shadow (D:13)
  12 spriggans (Lair:6)
  A wraith (D:12)
  2 basilisks
  6 hogs (Lair:6)
  2 wyverns
  26 yaks
  A hungry ghost (D:9)
  Duvessa (D:7)
  3 wargs
  7 nagas
  14 water moccasins
  6 porcupines
  A hornet zombie (D:10)
  21 orc warriors
  2 sky beasts
  2 black bears
  3 eyes of draining
  5 ice beasts
  A necrophage (D:11)
  3 boggarts (Lair:6)
  27 wolves
  11 ogres
  4 centaurs
  9 crocodiles
  2 big kobolds
  13 bullfrogs
  A gnoll sergeant (D:10)
  A water moccasin zombie (D:11)
  Dowan (D:7)
  A scorpion (D:10)
  5 wights
  4 howler monkeys
  4 crimson imps
  3 jellies
  A centaur zombie (D:6)
  8 hounds
  25 orc priests
  A bullfrog skeleton (D:11)
  5 centaur skeletons
  3 iguanas
  24 orc wizards
  6 worker ants
  A killer bee zombie (D:6)
  2 hound zombies (D:6)
  2 worker ant zombies
  8 gnolls
  26 adders
  2 shadow imps
  5 oozes
  An adder zombie (D:3)
  2 worms
  A leopard gecko (D:3)
  43 orcs
  2 giant cockroaches
  3 hobgoblins
  9 jackals
  5 kobolds
  6 quokkas
  A ball python (Lair:4)
  5 bats
  2 frilled lizards
  4 goblins
  2 quokka skeletons
  7 rats
522 creatures vanquished.

Vanquished Creatures (others)
  An orc wizard (Orc:2)
  10 fungi (Lair:1)
  26 plants
37 creatures vanquished.

Grand Total: 559 creatures vanquished

Notes
Turn   | Place    | Note
-------+----------+-------------------------------------------
     0 | D:1      | 4thArraOfDagon the Demonspawn Hunter began the quest for the Orb.
     0 | D:1      | Reached XP level 1. HP: 16/16 MP: 1/1
    52 | D:1      | Reached skill level 1 in Unarmed Combat
   142 | D:1      | Gained mutation: You have sharp toenails. [demonic ancestry]
   142 | D:1      | Reached XP level 2. HP: 16/22 MP: 2/2
   157 | D:2      | Found a radiant altar of Vehumet.
   169 | D:2      | Reached skill level 2 in Unarmed Combat
   261 | D:3      | Gained mutation: You have a pair of small antennae on your head. [demonic ancestry]
   261 | D:3      | Reached XP level 3. HP: 21/27 MP: 3/3
   459 | D:3      | Reached skill level 3 in Unarmed Combat
   683 | D:3      | Gained mutation: You are slightly more attuned to the shadows. [demonic ancestry]
   683 | D:3      | Reached XP level 4. HP: 19/33 MP: 4/4
   784 | D:2      | Reached skill level 4 in Unarmed Combat
  1042 | D:4      | Reached XP level 5. HP: 27/38 MP: 5/5
  1113 | D:5      | Entered Level 5 of the Dungeon
  1153 | D:5      | Found Sopuro's Armour Boutique.
  1454 | D:5      | Found a white marble altar of Elyvilon.
  1643 | D:6      | Reached skill level 5 in Unarmed Combat
  1722 | D:6      | Found a hide-covered altar of Uskayaw.
  1751 | D:6      | Reached XP level 6. HP: 36/44 MP: 6/6
  1794 | D:6      | Reached skill level 6 in Unarmed Combat
  2235 | D:7      | Gained mutation: You have sharp fingernails. [demonic ancestry]
  2235 | D:7      | Reached XP level 7. HP: 15/50 MP: 7/7
  2256 | D:7      | Noticed Prince Ribbit
  2359 | D:7      | Noticed Dowan
  2359 | D:7      | Noticed Duvessa
  2645 | D:7      | Reached skill level 7 in Unarmed Combat
  2645 | D:7      | Killed Duvessa
  2648 | D:7      | Killed Dowan
  2652 | D:7      | Reached skill level 8 in Unarmed Combat
  2703 | D:7      | Noticed a hornet
  2932 | D:7      | Found Gerooxta's General Store.
  2937 | D:7      | Bought a scroll of blinking for 82 gold pieces
  3108 | D:6      | Found a staircase to the Ecumenical Temple.
  3116 | Temple   | Entered the Ecumenical Temple
  3123 | Temple   | Reached skill level 1 in Armour
  3123 | Temple   | Gained mutation: Your flesh is heat resistant. (rF+) [demonic ancestry]
  3123 | Temple   | Reached XP level 8. HP: 42/57 MP: 8/8
  3136 | Temple   | Became a worshipper of Cheibriados the Contemplative
  3193 | D:6      | Found a runed door.
  3197 | D:6      | Noticed Crazy Yiuf
  3199 | D:6      | Noticed Crazy Yiuf
  3199 | D:6      | Crazy Yiuf changed into Crazy Yiuf the wolf
  3212 | D:6      | Killed Crazy Yiuf the wolf
  3212 | D:6      | Reached skill level 1 in Invocations
  3405 | D:5      | Noticed Menkaure
  3479 | D:6      | Found a blossoming altar of Fedhas.
  3632 | D:6      | Reached * piety under Cheibriados
  3924 | D:8      | Noticed a two-headed ogre
  3935 | D:8      | Reached skill level 9 in Unarmed Combat
  4093 | D:10     | Entered Level 10 of the Dungeon
  4183 | D:9      | Found a staircase to the Lair.
  4248 | D:10     | Noticed a two-headed ogre
  4427 | D:9      | Reached ** piety under Cheibriados
  4427 | D:9      | Gained mutation: You have a pair of antennae on your head. [demonic ancestry]
  4427 | D:9      | Reached XP level 9. HP: 55/65 MP: 11/11
  4664 | D:9      | Gained mutation: You are resistant to hostile enchantments. (MR+) [mutagenic meat]
  4665 | D:9      | Gained mutation: You tend to lose your temper in combat. [mutagenic meat]
  4666 | D:9      | Gained mutation: Your magical capacity is low. (-10% MP) [mutagenic meat]
  4667 | D:9      | Gained mutation: Armour fits poorly on your strangely shaped body. [mutagenic meat]
  4924 | D:11     | Noticed a white ugly thing
  5189 | D:10     | Killed a two-headed ogre
  5189 | D:10     | Reached skill level 5 in Fighting
  5189 | D:10     | Reached skill level 10 in Unarmed Combat
  5189 | D:10     | Reached skill level 5 in Invocations
  5272 | D:10     | Reached *** piety under Cheibriados
  5486 | D:11     | Gained mutation: You have razor-sharp toenails. [demonic ancestry]
  5486 | D:11     | Reached XP level 10. HP: 55/74 MP: 13/13
  5545 | D:11     | Noticed Erica
  5558 | D:11     | Killed Erica
  5564 | D:11     | Noticed vishdafish's ghost (journeyman DsBe)
  5567 | D:11     | Noticed MirrMurr's ghost (novice FeBe)
  5687 | D:11     | Noticed Maurice
  5696 | D:11     | Killed Maurice
  5705 | D:11     | Killed a purple ugly thing
  5705 | D:11     | Reached skill level 5 in Armour
  5709 | D:11     | Gained mutation: You are clumsy. (Dex -2) [mutagenic meat]
  5841 | D:10     | Reached skill level 11 in Unarmed Combat
  5865 | D:10     | Reached **** piety under Cheibriados
  6000 | D:11     | Noticed a brown ugly thing
  6012 | D:11     | Killed a cyan ugly thing
  6036 | D:11     | Noticed Nattefrost's ghost (journeyman NaFi)
  6229 | D:13     | Found a gate to the Vaults.
  6229 | D:13     | Noticed a centaur warrior
  6229 | D:13     | Noticed a cyclops
  6229 | D:13     | Noticed a two-headed ogre
  6229 | D:13     | Noticed an orc knight
  6279 | D:12     | Noticed a centaur warrior
  6289 | D:12     | Killed a centaur warrior
  6289 | D:12     | Reached XP level 11. HP: 18/83 MP: 15/15
  6497 | D:13     | Got a slimy plate armour
  6541 | D:12     | Identified the +9 plate armour "Isekalit" {rF+ Regen+ rCorr} (You found it on level 13 of the Dungeon)
  6713 | D:12     | Found Rined's Assorted Antiques.
  6725 | D:12     | Bought a scroll of blinking for 172 gold pieces
  6725 | D:12     | Bought a scroll of teleportation for 69 gold pieces
  6725 | D:12     | Bought a bubbling ruby potion for 20 gold pieces
  6725 | D:12     | Bought a potion of curing for 69 gold pieces
  6734 | D:12     | Noticed a two-headed ogre
  6741 | D:12     | Killed a two-headed ogre
  6858 | D:11     | Reached ***** piety under Cheibriados
  6858 | D:11     | Reached skill level 12 in Unarmed Combat
  6920 | D:7      | Found an iron altar of Okawaru.
  7013 | D:7      | Killed Prince Ribbit
  7178 | D:11     | Killed Nattefrost's ghost
  7224 | D:11     | Killed MirrMurr's ghost
  7277 | D:11     | Found a staircase to the Orcish Mines.
  7324 | Orc:1    | Entered Level 1 of the Orcish Mines
  7386 | Orc:1    | Found Ostrewa's Book Emporium.
  7488 | Orc:1    | Noticed Snorg
  7502 | Orc:1    | Killed Snorg
  7561 | Orc:1    | Found Pepnedich's Antique Weapon Boutique.
  7587 | Orc:2    | Entered Level 2 of the Orcish Mines
  7587 | Orc:2    | Found Zorabul's Antique Armour Boutique.
  7587 | Orc:2    | Noticed an orc high priest
  7677 | Orc:2    | Noticed Rupert
  7692 | Orc:2    | Killed an orc high priest
  7700 | Orc:2    | Reached skill level 10 in Invocations
  7763 | Orc:2    | Gained mutation: You have claws for feet. [demonic ancestry]
  7763 | Orc:2    | Reached XP level 12. HP: 93/93 MP: 17/17
  7794 | Orc:2    | Noticed Erolcha
  7796 | Orc:2    | Killed Erolcha
  7839 | Orc:2    | Reached skill level 13 in Unarmed Combat
  7946 | Orc:2    | Found Lesaosil's Assorted Antiques.
  7955 | Orc:2    | Bought a silvery potion for 32 gold pieces
  7999 | Orc:2    | Reached ****** piety under Cheibriados
  8064 | Orc:2    | Found a staircase to the Elven Halls.
  8165 | Orc:2    | Noticed an ettin
  8172 | Orc:2    | Killed an ettin
  8172 | Orc:2    | Reached skill level 5 in Dodging
  8218 | Orc:2    | Noticed an orc high priest
  8227 | Orc:2    | Killed an orc high priest
  8435 | Orc:2    | Found Fupn's Food Shop.
  8436 | Orc:2    | Found Pigad's Weapon Shop.
  8437 | Orc:2    | Found Moosm's Armour Boutique.
  8441 | Orc:2    | Found Syonimerri's General Store.
  8524 | Orc:1    | Bought a book of Changes for 375 gold pieces
  8530 | Orc:1    | Learned a level 5 spell: Blade Hands
  8562 | Orc:1    | Killed Rupert
  8562 | Orc:1    | Reached skill level 1 in Spellcasting
  8562 | Orc:1    | Reached skill level 1 in Transmutations
  8605 | Lair:1   | Entered Level 1 of the Lair of Beasts
  8734 | Lair:1   | Gained mutation: You are significantly more attuned to the shadows. [demonic ancestry]
  8734 | Lair:1   | Reached XP level 13. HP: 101/101 MP: 19/19
  9080 | Lair:2   | Reached skill level 14 in Unarmed Combat
  9784 | Lair:4   | You fall through a shaft for 2 floors!
  9784 | Lair:6   | Entered Level 6 of the Lair of Beasts
  9847 | Lair:6   | Noticed Kirke
  9848 | Lair:6   | Reached skill level 10 in Fighting
  9855 | Lair:6   | Killed Kirke
  9855 | Lair:6   | Reached skill level 5 in Transmutations
 10071 | Lair:6   | Reached XP level 14. HP: 92/110 MP: 20/20
 10500 | Lair:5   | Found a staircase to the Slime Pits.
 10690 | Lair:4   | Found a staircase to the Snake Pit.
 10723 | Lair:4   | Identified a scroll of acquirement
 10920 | Snake:1  | Entered Level 1 of the Snake Pit
 10970 | Snake:1  | Reached skill level 15 in Unarmed Combat
 11046 | Snake:1  | Reached skill level 5 in Spellcasting
 11188 | Snake:4  | Entered Level 4 of the Snake Pit
 11236 | Snake:3  | Noticed a nagaraja
 11249 | Snake:3  | Killed a nagaraja
 11622 | Elf:1    | Entered Level 1 of the Elven Halls
 11625 | Elf:1    | Found a ruined gateway.
 11632 | Desolati | Entered the Desolation of Salt
 11635 | Desolati | Noticed Amnesiac's ghost (adept GnEE)
 11691 | Desolati | HP: 1/111 [Amnesiac's ghost (17)]
 11691 | Desolati | Slain by Amnesiac's ghost

Vault maps used:
D:1:      giann_wishing_wells
D:2:      fiery_altar_vehumet, st_stairs_12
D:3:      minivault_25, wad_rectangle_vault
D:4:      first_bread, serial_shops, nicolae_shop_window_shopping,
          nemelex_spade_bored_becter
D:5:      serial_shops, shop, basic_altar, uniq_menkaure
D:6:      minmay_temple_entry_crystal_x, minivault_1, hangedman_feature_mirror,
          uniq_crazy_yiuf_cottage
D:7:      serial_shops, kennysheep_little_box, basic_altar, uniq_prince_ribbit1,
          uniq_duvessa
D:8:      the_bakery
D:9:      lair_entry_dummy
D:10:     serial_co_window_serial, co_window_of_opportunity_a,
          co_window_paths_b, co_window_paths_b, co_window_of_opportunity_a,
          co_window_paths_a, co_window_corner_b, co_window_corner_b,
          co_window_of_opportunity_c, co_window_2corner,
          co_window_of_opportunity_c, co_window_broadway_b, co_window_corner_cb,
          co_window_4corner_a, glass_columns_b, glass_columns_b, glass_columns_c
D:11:     david_orc_2, uniq_erica, uniq_maurice
D:12:     serial_shops, shop_statue, grunt_decor_one_mirror
D:13:     david_vaults_3, uniq_sonja
Temple:   grunt_wide_crystal_templ
Lair:1:   minmay_lair_venomous_thicket, grunt_megastairs_3,
          serial_bayou_shore_b, uniq_harold
Lair:2:   shoals_dummy_entry
Lair:3:   beast_lair_carwin_large_2, infiniplex_staircase_pool
Lair:4:   minmay_snake_entry_six_corridors, grunt_megastairs_4
Lair:5:   nicolae_slime_entry_slimehenge, grunt_megastairs_1
Lair:6:   minmay_lair_end_enchanted_forest, serial_forest,
          infiniplex_forest_zigzag_1, infiniplex_forest_lined_room_3,
          infiniplex_forest_clump_medium, infiniplex_forest_clump_C,
          infiniplex_forest_clump_small, infiniplex_forest_lined_ring,
          infiniplex_forest_clump_curved, infiniplex_forest_end_2, uniq_kirke
Snake:1:  grunt_megastairs_5, lemuel_fruit_tree
Snake:2:  spider_trap, basic_stair_grate_trap, minmay_shoptagon
Snake:4:  johnstein_snake_rune_scales
Orc:1:    serial_shops, nicolae_shop_stone, shop, uniq_snorg
Orc:2:    st_orc_mages, serial_shops, shop, shop, uniq_rupert, uniq_erolcha
Elf:1:    basic_altar, portal_desolation_entry_ruin, minmay_elf_necromancy,
          minmay_misc_feat_pillars

Skill      XL: |  1  2  3  4  5  6  7  8  9 10 11 12 13 14 |
---------------+-------------------------------------------+-----
Unarmed Combat | 1 2 3 4 5 6 8 9 10 11 12 13 14 15 | 15.2
Armour         | 1 2 4 5 6 |  6.0
Invocations    | 3 6 8 10 11 | 11.0
Fighting       | 4 5 6 8 9 10 | 10.8
Dodging        | 4 6 7 8 |  8.0
Spellcasting   | 1 4 5 |  5.3
Transmutations | 2 5 7 |  7.6
Throwing       | |  3.6
Stealth        | |  0.8

Action                   |  1- 3 |  4- 6 |  7- 9 | 10-12 | 13-15 || total
-------------------------+-------+-------+-------+-------+-------++-------
Melee: Short sword       |    70 |       |       |       |       ||    70
       Unarmed           |    91 |   230 |   282 |   512 |   603 ||  1718
       Punch             |     1 |     7 |    12 |    34 |    57 ||   111
       Kick              |       |       |    95 |   271 |   293 ||   659
Throw: Javelin           |    17 |    11 |     2 |       |       ||    30
       Throwing net      |     1 |     5 |       |     1 |       ||     7
Invok: Bend Time         |       |       |     1 |       |       ||     1
       Temporal Distorti |       |       |       |     3 |       ||     3
       Slouch            |       |       |       |     6 |     8 ||    14
Evoke: Wand              |       |       |    14 |     8 |       ||    22
  Use: Scroll            |       |     7 |    11 |     3 |    10 ||    31
       Potion            |       |     3 |     1 |     4 |       ||     8
 Stab: Held in net/web   |       |     2 |       |     1 |       ||     3
       Invisible         |       |       |       |     2 |       ||     2
  Eat: Royal jelly       |       |     2 |     2 |     1 |     1 ||     6
       Fruit             |       |     1 |     3 |       |       ||     4
       Chunk             |       |     2 |    11 |     8 |     6 ||    27
Armor: Leather armour    |     8 |       |       |       |       ||     8
       Chain mail        |   116 |   131 |   155 |    46 |       ||   448
       Plate armour      |       |       |       |   204 |   354 ||   558
Dodge: Dodged            |    40 |    63 |    92 |   232 |   441 ||   868

Table legend:
 A = Spawn XP
 B = Non-spawn XP
 C = Spawn XP percentage of total XP
 D = Spawn monster count
 E = Non-spawn monster count
 F = Spawn count percentage of total count
 G = Total turns spent on level
                    A         B        C        D         E        F      G
               +---------+---------+-------+---------+---------+-------+---------
         Total |       0 |   91436 |   0.0 |       0 |     523 |   0.0 | 11691
               +---------+---------+-------+---------+---------+-------+---------
           D:1 |       0 |      12 |   0.0 |       0 |       8 |   0.0 |   157
           D:2 |       0 |      76 |   0.0 |       0 |       9 |   0.0 |   204
           D:3 |       0 |      98 |   0.0 |       0 |      25 |   0.0 |   595
           D:4 |       0 |      31 |   0.0 |       0 |       3 |   0.0 |   227
           D:5 |       0 |      62 |   0.0 |       0 |       6 |   0.0 |   402
           D:6 |       0 |     924 |   0.0 |       0 |      19 |   0.0 |   992
           D:7 |       0 |    1203 |   0.0 |       0 |      21 |   0.0 |  1170
           D:8 |       0 |     417 |   0.0 |       0 |      14 |   0.0 |   429
           D:9 |       0 |    1056 |   0.0 |       0 |      12 |   0.0 |   752
          D:10 |       0 |    3065 |   0.0 |       0 |      27 |   0.0 |   987
          D:11 |       0 |    5920 |   0.0 |       0 |      34 |   0.0 |   712
          D:12 |       0 |    3600 |   0.0 |       0 |      17 |   0.0 |   661
          D:13 |       0 |     915 |   0.0 |       0 |       3 |   0.0 |    51
        Temple |       0 |      84 |   0.0 |       0 |       1 |   0.0 |    37
        Lair:1 |       0 |    3804 |   0.0 |       0 |      24 |   0.0 |   413
        Lair:2 |       0 |    2462 |   0.0 |       0 |      11 |   0.0 |   361
        Lair:3 |       0 |    5237 |   0.0 |       0 |      22 |   0.0 |   319
        Lair:4 |       0 |    4272 |   0.0 |       0 |      23 |   0.0 |   283
        Lair:5 |       0 |    2901 |   0.0 |       0 |      18 |   0.0 |   355
        Lair:6 |       0 |   22425 |   0.0 |       0 |      81 |   0.0 |   686
       Snake:1 |       0 |    7059 |   0.0 |       0 |      15 |   0.0 |   223
       Snake:2 |       0 |     157 |   0.0 |       0 |       1 |   0.0 |    65
       Snake:3 |       0 |    5491 |   0.0 |       0 |       9 |   0.0 |   250
       Snake:4 |       0 |     908 |   0.0 |       0 |       2 |   0.0 |    10
         Orc:1 |       0 |    6894 |   0.0 |       0 |      40 |   0.0 |   507
         Orc:2 |       0 |   12363 |   0.0 |       0 |      78 |   0.0 |   774
               +---------+---------+-------+---------+---------+-------+---------
